 Dungeon Crawl Stone Soup version 0.25-a0-24-g72dcfe0359 (webtiles) character file.

Game seed: 10204508462965510933, levelgen mode: deterministic

48 Froggeryz the Cudgeler (level 4, -5/28 HPs)
             Began as a Kobold Chaos Knight on Oct 17, 2019.
             Was a Plaything of Xom.
             Slain by an ogre
             ... wielding a +3 giant club of chaos
              (14 damage)
             ... on level 2 of the Dungeon.
             The game lasted 00:01:42 (754 turns).

Froggeryz the Cudgeler (Kobold Chaos Knight)         Turns: 754, Time: 00:01:42

Health: -5/28      AC:  5    Str:  9    XL:     4   Next: 0%
Magic:  4/4        EV: 15    Int: 11    God:    Xom [......]
Gold:   47         SH:  0    Dex: 15    Spells: 2/3 levels left

rFire    . . .     SeeInvis .   a - +0 mace (chaos)
rCold    . . .     Gourm    .   (shield restricted)
rNeg     . . .     Faith    .   b - +2 leather armour
rPois    .         Spirit   .   (no helmet)
rElec    .         Reflect  .   (no cloak)
rCorr    .         Harm     .   (no gloves)
MR       .....                  (no boots)
Stlth    +.........             (no amulet)
HPRegen  0.09/turn              (no ring)
MPRegen  0.09/turn              (no ring)

@: no status effects
A: small, blurry vision 1, carnivore, dopey 1
a: Renounce Religion


You were on level 2 of the Dungeon.
You worshipped Xom.
You were a very special plaything of Xom.
You were not hungry.

You visited 1 branch of the dungeon, and saw 2 of its levels.

You collected 47 gold pieces.

Inventory:

Hand Weapons
 a - a +0 mace of chaos (weapon)
Missiles
 f - 8 poisoned darts
 g - 6 curare-tipped darts (quivered)
Armour
 b - a +2 leather armour (worn)
Scrolls
 d - a scroll of remove curse {unknown}
 h - 3 scrolls of teleportation {unknown}
Potions
 e - 2 potions of curing {unknown}
 i - 2 potions of haste {unknown}
Comestibles
 c - 2 rations


   Skills:
 - Level 3.2 Fighting
 * Level 3.7 Maces & Flails
 - Level 0.7 Armour
 + Level 3.3 Dodging


You had 2 spell levels left.
You knew the following spells:

 Your Spells              Type           Power        Failure   Level  Hunger
a - Animate Skeleton      Necr           N/A          43%         1    ##.....

Your spell library contained the following spells:

 Spells                   Type           Power        Failure   Level  Hunger
 Apportation              Tloc           #.....       43%         1    ##.....
 Confusing Touch          Hex            #.....       43%         1    ##.....
 Summon Small Mammal      Summ           #...         43%         1    ##.....


Dungeon Overview and Level Annotations

Branches:
Dungeon (2/15)

Altars:


Innate Abilities, Weirdness & Mutations

You are small and have problems with some larger weapons.
You are carnivorous and can eat meat at any time.
Scrolls take you a little longer to read.
You are dopey. (Int -2)


Message History

The adder hisses angrily.
A bat comes into view.
There are monsters nearby!
A goblin comes into view. It is wielding a +0 club.
Xom chortles.
The ogre's +0 giant club is briefly surrounded by a scintillating aura of random colours.
Okay, then.
Throwing (i - inventory. (/) - cycle)
g - 7 curare-tipped darts
Press: ? - help, Shift-Dir - straight line, f - ogre
Aim: an ogre, wielding a +3 giant club of chaos You throw a curare-tipped dart.
The curare-tipped dart hits the ogre.
The ogre is poisoned.
The ogre convulses.
The ogre seems to slow down.
The ogre is moderately wounded.
The ogre hits you with a +3 giant club of chaos!!
Ouch! That really hurt!
A shower of butterflies erupts from you!
You are electrocuted!
Ouch! That really hurt!
You die...
Xom cackles wildly!

#####...............
#........#########..
.#.####.###########..
...........##.....÷).
##.####.##.........♣P
###.##.....##..♣♣
##b..##........P..
#bb####..####.....
#@##....#####.....
#..####O##.............#
#......Sg....########.##
...#.###....### #.#
b.##(# #.# ..# .# #.#
.... # ##.# ....
#####..## b....#
#.......†.


You could see an ogre, an adder, a goblin and a bat.

Vanquished Creatures
  A hound (D:2)
  A dart slug (D:2)
  A leopard gecko (D:2)
  A bat (D:2)
  A hobgoblin (D:1)
  4 jackals (D:2)
  A quokka (D:2)
  A frilled lizard (D:1)
  A kobold (D:2)
  4 rats
16 creatures vanquished.

Notes
Turn   | Place    | Note
-------+----------+-------------------------------------------
     0 | D:1      | Froggeryz the Kobold Chaos Knight began the quest for the
                  | Orb.
     0 | D:1      | Reached XP level 1. HP: 14/14 MP: 1/1
    80 | D:1      | XOM: divination: magic mapping
   167 | D:1      | XOM: divination: magic mapping
   178 | D:1      | XOM: divination: detect items
   234 | D:2      | Reached XP level 2. HP: 7/19 MP: 2/2
   259 | D:2      | XOM: give mutations
   259 | D:2      | Gained mutation: Scrolls take you a little longer to read.
                  | [Xom's mischief]
   259 | D:2      | Gained mutation: You are dopey. (Int -2) [Xom's mischief]
   402 | D:2      | XOM: 3-stop teleportation journey
   411 | D:2      | XOM: polymorph adder -> hound
   417 | D:2      | Reached XP level 3. HP: 12/23 MP: 3/3
   467 | D:2      | XOM: mild Ice miscast
   647 | D:2      | Reached XP level 4. HP: 28/28 MP: 4/4
   750 | D:2      | Learned a level 1 spell: Animate Skeleton
   750 | D:2      | Noticed an ogre
   753 | D:2      | XOM: chaos upgrade
   754 | D:2      | XOM: butterfly on damage
   754 | D:2      | Slain by an ogre

Levels and vault maps discovered:
D:1:      minmay_arrival_stone_box, layout_basic, minmay_misc_feat_pillars
D:2:      layout_rooms, first_ration, serial_park_tiny_2, minivault_23

Skill      XL: |  1  2 |
---------------+-------+-----
Maces & Flails | 3 |  3.7
Dodging        | 3 |  3.3
Fighting       | |  3.2
Armour         | |  0.7

Action                   |  1- 3 |  4- 6 || total
-------------------------+-------+-------++-------
Melee: Mace              |    48 |       ||    48
Throw: Dart              |       |     1 ||     1
  Eat: Chunk             |     1 |       ||     1
Armor: Leather armour    |    26 |       ||    26
Dodge: Dodged            |    74 |       ||    74

Table legend:
 A = Non-vault XP
 B = Vault XP
 C = Vault XP percentage of total XP
 D = Non-vault monster count
 E = Vault monster count
 F = Vault count percentage of total count
                 A         B        C        D         E       F
            +---------+---------+-------+---------+---------+-------
      Total |      69 |       0 |   0.0 |      16 |       0 |   0.0
            +---------+---------+-------+---------+---------+-------
        D:1 |       4 |       0 |   0.0 |       3 |       0 |   0.0
        D:2 |      65 |       0 |   0.0 |      13 |       0 |   0.0
            +---------+---------+-------+---------+---------+-------
